 Dungeon Sprint DCSS version 0.29-a0-1065-g47a6bb87d6 (webtiles) character file.

Game seed: 4074161930683096007

10867 wilfster70 the Imperceptible (level 11, -13/93 HPs)
             Began as a Vampire Enchanter on Aug 18, 2022.
             Was the Champion of Dithmenos.
             Mangled by a fire giant
             ... wielding a +1 great sword of flaming
              (23 damage)
             ... in the Dungeon (Sprint I: "Red Sonja").
             The game lasted 00:09:45 (1084 turns).

wilfster70 the Imperceptible (Vampire Enchanter)    Turns: 1084, Time: 00:09:46

Health: -13/93     AC:  4    Str:  7    XL:     11   Next: 41%
Magic:  20/24      EV: 17    Int: 22    God:    Dithmenos [******]
Gold:   2270       SH:  0    Dex: 15    Spells: 22/29 levels left

rFire   . . .      SeeInvis +   a - +1 dagger
rCold   . . .      Faith    .   (no shield)
rNeg    . . .      Spirit   .   j - +2 robe
rPois   .          Reflect  .   (no helmet)
rElec   .          Harm     .   (no cloak)
rCorr   .          Rampage  .   (no gloves)
Will    +....      NoTele   +   (no boots) Stlth *****+++++
                                (no amulet)
HPRegen 0.45/turn               (no ring)
MPRegen 0.19/turn               (no ring)

@: healing quickly, wreathed by umbra
A: alive, fangs 3, see invisible, vampiric 2
a: Exsanguinate, Renounce Religion, Shadow Step, Shadow Form


You were in the Dungeon.
You worshipped Dithmenos.
Dithmenos was exalted by your worship.
You visited 1 branch You collected 2352 gold pieces.
You spent 82 gold pieces at shops.

Inventory:

Hand Weapons
 a - a +1 dagger (weapon)
Missiles
 b - 4 curare-tipped darts (quivered)
Armour
 j - a +2 robe (worn)
Wands
 h - a wand of flame (8)
Scrolls
 i - 2 scrolls of blinking
 k - a scroll of amnesia
 l - a scroll of enchant weapon {unknown}
 m - a scroll of poison {unknown}
Potions
 c - 2 potions of invisibility
 d - a potion of curing
 e - 2 potions of heal wounds
 f - a potion of haste
 g - 2 potions of magic


   Skills:
 + Level 11.1 Fighting
 - Level 10.0 Short Blades
 - Level 2.7 Throwing
 - Level 10.0 Dodging
 + Level 21.8 Stealth
 + Level 9.7 Spellcasting
 - Level 6.0 Hexes
 - Level 4.0 Transmutations
 - Level 6.0 Ice Magic
 - Level 4.0 Earth Magic
 + Level 11.0 Invocations


You had 22 spell levels left.
You knew the following spells:

 Your Spells              Type           Power      Damage    Failure   Level
a - Ensorcelled Hibernat  Hex/Ice        74%        N/A       1%          2
b - Confusing Touch       Hex            37%        N/A       1%          3
c - Passwall              Tmut/Erth      23%        N/A       1%          2

Your spell library contained the following spells:

 Spells                   Type           Power      Damage    Failure   Level
 Tukima's Dance           Hex            37%        N/A       1%          3
 Dazzling Flash           Conj/Hex       46%        N/A       5%          3
 Swiftness                Air            10%        N/A       19%         3
 Yara's Violent Unravell  Hex/Tmut       16%        3d8       22%         5
 Enfeeble                 Hex            18%        N/A       99%         7


Dungeon Overview and Level Annotations

Branches:
Dungeon (1/1)

Altars:
Cheibriados
Dithmenos
Fedhas
Gozag
Hepliaklqana
Kikubaaqudgha
Makhleb
Nemelex Xobeh
Okawaru
Qazlal
Ru
Sif Muna
Trog
Uskayaw
Vehumet
Wu Jian
Xom
Yredelemnul
Jiyva
Lugonu

Shops:
D (!??*(?[:(**([*[!


Innate Abilities, Weirdness & Mutations

Your natural rate of healing is accelerated.
You have razor-sharp teeth.
You have supernaturally acute eyesight. (SInv)
You are afflicted with vampirism and can become a bat while bloodless.


Message History

A fire giant comes into view.
It is wielding a +1 great sword of flaming.
Aiming: Shadow Step
Press: ? - help, Dir - move target, f - fire giant
Aim: a fire giant, wielding a +1 great sword of flaming (asleep, umbra)
You step into the fire giant's shadow. 3 fire giants come into view.
A fire giant is wielding a +2 great sword of flaming.
A fire giant is wielding a +2 great sword of flaming.
A fire giant is wielding a +1 great sword of flaming.
The fire giant shouts! x3
The fire giant barely misses you.
Found seven items.
You hit the fire giant but do no damage.
You hit the fire giant but do no damage.
You bite the fire giant.
The fire giant is lightly wounded.
Your shadow hits the fire giant but does no damage.
The fire giant points at you and mumbles some strange words.
The bolt of fire misses you.
The fire giant hits you with a +1 great sword of flaming!!
You emit a cloud of dark smoke.
The fire giant burns you!
You emit a cloud of dark smoke.
Okay, then.
Unknown command.
Unknown command.
Unknown command.
Unknown command.
As you read the scroll labelled OMISE LOULL, it crumbles to dust.
It is a scroll of amnesia.
Forget Passwall, freeing 2 spell levels for a total of 24?
Really abort (and waste the scroll)? [Y]es or [N]o only, please.
Really abort (and waste the scroll)? [Y]es or [N]o only, please.
Really abort (and waste the scroll)?
Okay, then.
The fire giant hits you with a +2 great sword of flaming!!
* * * LOW HITPOINT WARNING * * *
You emit a cloud of dark smoke.
The fire giant burns you.
* * * LOW HITPOINT WARNING * * *
The fire giant hits you with a +1 great sword of flaming!!
You die...

##'###(###.#..## #..#+###
.....'.∩##.#..# ##...#
##########§# ###.#
#.......##.# #.#
#........§§# #.#
#'''######§# ####'#
#.....†.§#.### #....#
#.....§.#..#/$[#####...####
.......~####$.§C@C...#
.....§§§##$):.§C§#####
....~~~###=$..C§## .~~~~###
#?....# #####.####$$$$$
######∩∩#######
∩∩∩∩∩∩∩###≈≈≈≈ ########
#####


You could see 4 fire giants.

Vanquished Creatures
  A hydra (D)
  2 centaur warriors (D)
  Sonja (D)
  A deep troll (D)
  A lindwurm (D)
  An oklob plant (D)
  7 unseen horrors (D)
  4 demonic crawlers (D)
  2 kobold demonologists (D)
  A hornet (D)
  A slime creature (D)
  Sigmund (D)
  A yak (D)
  13 hogs (D)
  2 redbacks (D)
  3 floating eyes (D)
  An ogre (D)
  7 necrophages (D)
  8 jellies (D)
  Ijyb (D)
59 creatures vanquished.

Notes
Turn   | Place    | Note
-------+----------+-------------------------------------------
     0 | D        | wilfster70 the Vampire Enchanter began the quest for the
                  | Orb.
     0 | D        | Reached XP level 1. HP: 13/13 MP: 3/3
     2 | D        | Noticed Ijyb
    10 | D        | Killed Ijyb
    11 | D        | Reached skill level 6 in Stealth
    11 | D        | Reached XP level 2. HP: 18/19 MP: 4/6
    18 | D        | Learned a level 2 spell: Ensorcelled Hibernation
    51 | D        | Noticed an ogre
    54 | D        | Killed an ogre
    55 | D        | Reached skill level 5 in Short Blades
    55 | D        | Reached skill level 8 in Stealth
    55 | D        | Gained mutation: You are afflicted with vampirism and can
                  | become a bat while bloodless. [Vampire growth]
    55 | D        | Reached XP level 3. HP: 24/24 MP: 5/9
    55 | D        | Reached XP level 4. HP: 30/30 MP: 5/10
   103 | D        | Noticed Sigmund
   106 | D        | Killed Sigmund
   107 | D        | Reached skill level 10 in Stealth
   107 | D        | Reached skill level 5 in Ice Magic
   107 | D        | Reached XP level 5. HP: 35/35 MP: 10/13
   107 | D        | Reached XP level 6. HP: 41/41 MP: 11/15
   131 | D        | Found an ornate altar of the Wu Jian Council.
   131 | D        | Found a shimmering blue altar of Sif Muna.
   133 | D        | Found a radiant altar of Vehumet.
   138 | D        | Reached skill level 11 in Stealth
   155 | D        | Found Eggele's Distillery.
   155 | D        | Found an ancient bone altar of Kikubaaqudgha.
   155 | D        | Found a hazy altar of Hepliaklqana.
   155 | D        | Found a hide-covered altar of Uskayaw.
   155 | D        | Found a basalt altar of Yredelemnul.
   155 | D        | Found an opulent altar of Gozag.
   155 | D        | Found a snail-covered altar of Cheibriados.
   155 | D        | Found a sacrificial altar of Ru.
   155 | D        | Found a shadowy altar of Dithmenos.
   155 | D        | Noticed a yak
   156 | D        | Found a stormy altar of Qazlal.
   156 | D        | Found a blossoming altar of Fedhas.
   156 | D        | Found a bloodstained altar of Trog.
   156 | D        | Found an iron altar of Okawaru.
   157 | D        | Killed a yak
   158 | D        | Reached skill level 13 in Stealth
   158 | D        | Found a sparkling altar of Nemelex Xobeh.
   168 | D        | Became a worshipper of Dithmenos the Shadowed
   198 | D        | Noticed Sonja
   202 | D        | Killed Sonja
   203 | D        | Reached skill level 5 in Dodging
   203 | D        | Reached skill level 14 in Stealth
   203 | D        | Reached XP level 7. HP: 53/53 MP: 16/16
   203 | D        | Reached XP level 8. HP: 60/60 MP: 17/17
   218 | D        | Found Piumywne's Antique Weapon Boutique.
   238 | D        | Noticed a deep troll
   242 | D        | Killed a deep troll
   243 | D        | Reached skill level 5 in Fighting
   243 | D        | Reached skill level 10 in Short Blades
   243 | D        | Reached skill level 15 in Stealth
   252 | D        | Found Tuuggacw's Armour Emporium.
   263 | D        | Learned a level 3 spell: Confusing Touch
   266 | D        | Learned a level 2 spell: Passwall
   279 | D        | Noticed a centaur warrior
   281 | D        | Noticed a centaur warrior
   283 | D        | Killed a centaur warrior
   283 | D        | Reached * piety under Dithmenos
   284 | D        | Reached skill level 16 in Stealth
   284 | D        | Reached skill level 5 in Invocations
   284 | D        | Reached XP level 9. HP: 69/69 MP: 18/18
   285 | D        | Killed a centaur warrior
   286 | D        | Reached skill level 17 in Stealth
   299 | D        | Noticed an oklob plant
   316 | D        | Killed an oklob plant
   316 | D        | Reached ** piety under Dithmenos
   358 | D        | Noticed an unseen horror
   359 | D        | Noticed an unseen horror
   392 | D        | Killed an unseen horror
   393 | D        | Reached skill level 18 in Stealth
   408 | D        | Killed an unseen horror
   408 | D        | Reached *** piety under Dithmenos
   409 | D        | Reached XP level 10. HP: 26/80 MP: 0/19
   562 | D        | Reached **** piety under Dithmenos
   563 | D        | Reached skill level 10 in Dodging
   653 | D        | Found Jut Reng's Armour Boutique.
   653 | D        | Found Leusackaij's General Store.
   699 | D        | Reached ***** piety under Dithmenos
   821 | D        | Found Golupni's Distillery.
   854 | D        | Found Syicvi's Magic Scroll Shoppe.
   854 | D        | Found Zin Cim's Magic Scroll Shop.
   854 | D        | Found Mewnesedi's Assorted Antiques.
   856 | D        | Found Nouroix's Weapon Emporium.
   856 | D        | Found Tonomu's Magic Scroll Shop.
   856 | D        | Found Vebbagel's Armour Shoppe.
   856 | D        | Found Umnyonag's Book Boutique.
   856 | D        | Found Faomn's Weapon Emporium.
   856 | D        | Found Lascheig's Assorted Antiques.
   856 | D        | Found Loag's General Store.
   858 | D        | Bought a scroll of blinking for 82 gold pieces
   860 | D        | Found Riossu's Antique Weapon Boutique.
   908 | D        | Found a viscous altar of Jiyva.
   908 | D        | Found a corrupted altar of Lugonu.
   909 | D        | Found a burning altar of Makhleb.
   909 | D        | Found a shimmering altar of Xom.
   912 | D        | Reached skill level 19 in Stealth
   930 | D        | Paralysed by a floating eye for 3 turns
   942 | D        | Reached ****** piety under Dithmenos
   996 | D        | Noticed a gargoyle
  1005 | D        | Noticed a lindwurm
  1007 | D        | Killed a lindwurm
  1008 | D        | Reached skill level 20 in Stealth
  1029 | D        | Reached XP level 11. HP: 90/90 MP: 23/23
  1031 | D        | Reached skill level 10 in Fighting
  1034 | D        | Reached skill level 10 in Invocations
  1041 | D        | Reached skill level 21 in Stealth
  1043 | D        | Noticed a 12-headed hydra
  1045 | D        | Killed a 12-headed hydra
  1062 | D        | Noticed a daeva
  1080 | D        | Noticed a fire giant
  1081 | D        | Noticed a fire giant
  1081 | D        | Noticed a fire giant
  1081 | D        | Noticed a fire giant
  1084 | D        | Mangled by a fire giant

Illustrated notes

Levels and vault maps discovered:
D:        dungeon_sprint_1 [red_sonja_temple_1, red_sonja_temple_small_1]

Skill      XL: |  1  2  3  4  5  6  7  8  9 10 11 |
---------------+----------------------------------+-----
Short Blades   | 3 5 7 9 10 | 10.0
Stealth        | 6 8 10 14 16 18 20 21 | 21.8
Spellcasting   | 3 4 6 8 9 |  9.7
Hexes          | 6 |  6.0
Ice Magic      | 3 5 6 |  6.0
Fighting       | 3 5 7 9 11 | 11.1
Dodging        | 5 7 9 10 | 10.0
Invocations    | 3 5 7 9 11 | 11.0
Throwing       | 2 |  2.7
Transmutations | 3 4 |  4.0
Earth Magic    | 2 4 |  4.0

Action                   |  1- 3 |  4- 6 |  7- 9 | 10-12 || total
-------------------------+-------+-------+-------+-------++-------
Melee: Dagger            |     6 |     4 |    46 |    92 ||   148
       Bite              |     1 |       |     9 |     6 ||    16
       Punch             |       |       |     1 |       ||     1
 Cast: Ensorcelled Hiber |     1 |       |     2 |     8 ||    11
       Confusing Touch   |       |       |     6 |     6 ||    12
Invok: Shadow Step       |       |       |     1 |     1 ||     2
  Use: Potion            |     1 |       |     1 |       ||     2
       Scroll            |       |       |       |     1 ||     1
 Stab: Sleeping          |     1 |     4 |     7 |    36 ||    48
       Confused          |       |       |     5 |     6 ||    11
Armor: Robe              |       |       |     8 |     6 ||    14
Dodge: Dodged            |     2 |       |    30 |    39 ||    71

Table legend: (Time is in decaauts)
 A = Elapsed time spent in this place.
 B = Non-inter-level travel time spent in this place.
 C = Inter-level travel time spent in this place.
 D = Time resting spent in this place.
 E = Time spent auto-exploring this place.
 F = Levels seen in this place.
 G = Mean time per level.
                   A        B        C        D        E       F      G
               +--------+--------+--------+--------+--------+-----+--------+
         Total |   1023 |   1023 |      0 |    339 |      0 |   1 | 1023.0 |
       Dungeon |   1023 |   1023 |      0 |    339 |      0 |   1 | 1023.0 |
               +--------+--------+--------+--------+--------+-----+--------+

Top non-repeatable levels by time:
       D: 1023 daAuts
